 Dungeon Crawl Stone Soup version 0.20.1-1-g8b1a95d (webtiles) character file.

77827 Sadamus the Fencer (level 15, -11/120 HPs)
             Began as a Barachi Skald on Aug 26, 2017.
             Was the Champion of Okawaru.
             Shot with a bolt by a naga sharpshooter (25 damage)
             ... led by Vashnia
             ... on level 3 of the Snake Pit.
             The game lasted 02:10:31 (28133 turns).

Sadamus the Fencer (Barachi Skald)                 Turns: 28133, Time: 02:10:32

Health: -11/120    AC: 16    Str: 20    XL:     15   Next: 58%
Magic:  24/30      EV: 19    Int: 20    God:    Okawaru [******]
Gold:   888        SH:  0    Dex: 21    Spells: 0/37 levels left

rFire    + . .     SeeInvis .   I - +7 double sword of the Pyrrhic Victory {freeze, rPois MR+ Str+2}
rCold    + . .     Gourm    .   (no shield)
rNeg     . . .     Faith    +   W - +2 robe "Ixtiurif" {Regen+ Dex+4}
rPois    +         Spirit   .   U - +2 hat
rElec    .         Reflect  .   N - scarf {rC+ rF+}
rCorr    .         Harm     .   B - +2 pair of gloves
MR       +++..     Clarity  +   o - +2 pair of boots {Fly}
Stlth    ++++......             k - amulet of faith
Regen    0.7/turn               G - +5 ring of intelligence
MPRegen  0.3/turn               h - +3 ring of protection

@: shrouded, infused, flying, slow
A: +LOS, swims, horns 1, camouflage 1, agile 1, blurry vision 1, clarity, magic
resistance 1, sense surroundings 1, poison resistance, slowness 1, strong 2,
MP-powered wands, strong legs 2
a: Hop, Heroism, Finesse, Renounce Religion, Stop Flying


You were on level 3 of the Snake Pit.
You worshipped Okawaru.
Okawaru was exalted by your worship.
You were not hungry.

You visited 4 branches of the dungeon, and saw 20 of its levels.
You also visited: Bailey.

You collected 1050 gold pieces.
You spent 162 gold pieces at shops.

Inventory:

Hand Weapons
 b - a +0 scimitar of flaming
 I - the +7 double sword of the Pyrrhic Victory (weapon) {freeze, rPois MR+ Str+2}
   (Okawaru gifted it to you on level 2 of the Lair of Beasts)

   It has been specially enchanted to freeze those struck by it, causing extra
   injury to most foes and up to half again as much damage against particularly
   susceptible opponents.
   It can also slow down cold-blooded creatures.
   It affects your strength (+2).
   It protects you from poison.
   It affects your resistance to hostile enchantments.
Missiles
 x - a throwing net
 H - 3 exploding tomahawks (quivered)
Armour
 o - a +2 pair of boots of flying (worn)
 B - a +2 pair of gloves (worn)
 K - a +4 chain mail of cold resistance
 N - a scarf of resistance (worn)
 U - a +2 hat (worn)
 W - the +2 robe "Ixtiurif" (worn) {Regen+ Dex+4}
   (Okawaru gifted it to you on level 1 of the Snake Pit)

   It affects your dexterity (+4).
   It increases your rate of regeneration.
Jewellery
 h - a +3 ring of protection (right hand)
 k - an amulet of faith (around neck)
 z - an uncursed ring of see invisible
 G - a +5 ring of intelligence (left hand)
 L - an uncursed ring of ice
 T - an uncursed ring of resist corrosion
Wands
 c - a wand of confusion (39/48)
 m - a wand of clouds (0/9)
 n - a wand of digging (21/24)
 u - a wand of enslavement (11/24)
 A - a wand of acid (4/15)
 C - a wand of polymorph (11/24)
 R - a wand of iceblast (7/15)
Scrolls
 e - 2 scrolls of fear
 i - 5 scrolls of teleportation
 j - 3 scrolls of recharging
 p - 10 scrolls of remove curse
 q - 7 scrolls of magic mapping
 y - 2 scrolls of immolation
 F - a scroll of fog
 X - a scroll of blinking
 Y - 3 scrolls of identify
 Z - a scroll of vulnerability
Potions
 l - 2 potions of invisibility
 s - a potion of agility
 t - 2 potions of brilliance
 w - 2 potions of curing
 D - a potion of cancellation
 E - a potion of might
 J - a potion of ambrosia
 P - 2 potions of heal wounds
 Q - a potion of haste
 S - a potion of lignification
Comestibles
 a - 2 chunks of flesh
 d - 9 bread rations
 f - 12 meat rations
 g - 8 royal jellies
 M - 4 fruits


   Skills:
 + Level 11.7 Fighting
 + Level 15.7 Long Blades
   Level 1.6 Maces & Flails
 + Level 0.4 Throwing
 + Level 10.7 Armour
 + Level 8.6 Dodging
 + Level 4.1 Stealth
 + Level 11.5 Spellcasting
 + Level 6.0 Hexes
 + Level 11.9 Charms
 + Level 3.3 Necromancy
 + Level 7.1 Translocations
 + Level 1.0 Invocations
 + Level 1.4 Evocations


You couldn't memorise any spells.
You knew the following spells:

 Your Spells              Type           Power        Failure   Level  Hunger
a - Infusion              Chrm           ####         1%          1    None
b - Shroud of Golubria    Chrm/Tloc      #####.....   1%          2    None
c - Song of Slaying       Chrm           ######..     1%          2    None
d - Spectral Weapon       Hex/Chrm       #####...     1%          3    None
e - Regeneration          Chrm/Necr      #####.....   1%          3    None
f - Swiftness             Chrm/Air       #####...     1%          2    None
g - Gell's Gravitas       Tloc           #####.....   1%          3    None
h - Lesser Beckoning      Tloc           #####.....   1%          3    None
i - Teleport Other        Tloc           #####...     1%          3    None
j - Blink                 Tloc           N/A          1%          2    None
k - Mephitic Cloud        Conj/Pois/Air  ##......     19%         3    None
l - Passage of Golubria   Tloc           N/A          3%          4    #......
m - Slow                  Hex            #####...     1%          2    None
n - Leda's Liquefaction   Hex/Erth       ###.......   17%         4    #......


Dungeon Overview and Level Annotations

Branches:
Dungeon (10/15)            Temple (1/1) D:5            Lair (6/6) D:9
  Swamp (0/4) Lair:4        Snake (3/4) Lair:2        Slime (0/5) Lair:6
    Orc: D:9-12

Altars:
Ashenzari
Cheibriados
Dithmenos
Elyvilon
Fedhas
Gozag
Hepliaklqana
Kikubaaqudgha
Makhleb
Nemelex Xobeh
Okawaru
Qazlal
Ru
Sif Muna
Trog
Uskayaw
Vehumet
Xom
Yredelemnul
Zin
The Shining One
Lugonu

Shops:
Snake:2 *

Annotations:
D:9 Maurice
D:10 Erica
Lair:2 exclusion: 4 oklob plants
Snake:3 Vashnia


Innate Abilities, Weirdness & Mutations

Shadows flee at your approach. (+LOS)
You can swim through water.
You cover ground slowly.
You can hop longer distances.
You have a pair of small horns on your head.
Your skin changes colour to match your surroundings (Stealth+).
You are agile. (Dex +2)
Scrolls take you a little longer to read.
You possess an exceptional clarity of mind.
You are resistant to hostile enchantments. (MR+)
You passively map a small area around you.
Your system is resistant to poisons. (rPois)
Your muscles are very strong. (Str +4)
You expend magic power (3 MP) to strengthen your wands.


Message History

Here: Vashnia, wielding a longbow and wearing a runed naga barding (catching her breath)
The floor.
Unknown command.
Casting: Spectral Weapon
Confirm with . or Enter, or press ? or * to list all spells.
You blink.
The naga sharpshooter shouts! x2
The naga sharpshooter unwields an uncursed glaive.
The naga sharpshooter wields an uncursed arbalest.
The naga sharpshooter mumbles some strange words.
The naga sharpshooter magically shoots a bolt.
The bolt hits you but does no damage.
The naga sharpshooter unwields an uncursed war axe.
The naga sharpshooter wields an uncursed longbow.
The naga sharpshooter shoots an arrow.
The arrow hits you!
* * * LOW HITPOINT WARNING * * *
The naga sharpshooter casts a spell.
The naga sharpshooter magically shoots a bolt.
The bolt hits you!!
You die...

* ....N.N....N##..#####
, ....N.....#..#.....#
>........##ยง..#.......#
,
.........#.(#..#.......
,*
........##(##.#.#......
, **, ,
...#.(.###..##..... * *
, .#...(# *...*..... ,
##....##.#.# # ...> * *
#.@.....#*.# *.[.. ...
#.#######.# # * ... ## *
, #.. , ###.. *** * * *
##...* * , * * ##...* ##
, #...## *#. , #....# #.
, ,


You could see 3 naga sharpshooters and a friendly spectral double sword of the
Pyrrhic Victory {freeze, rPois MR+ Str+2}.

Vanquished Creatures
  Rupert (Lair:3)
  The ghost of Jannitor the Frost Mage, a journeyman NaIE of Xom (Lair:6)
  Azrael (Snake:1)
  2 naga warriors
  Fannar (Lair:3)
  Harold (D:10)
  5 hydras
  4 anacondas
  3 catoblepae (Lair:6)
  5 two-headed ogres
  7 death yaks
  3 naga sharpshooters (Snake:2)
  Urug (Lair:4)
  3 shock serpents (Snake:3)
  Sonja (Lair:4)
  2 salamander mystics
  Pikel (D:7)
  5 mana vipers
  2 manticores (Lair:6)
  15 elephants
  8 salamanders
  A guardian serpent (Snake:2)
  5 naga magi
  21 black mambas
  12 spiny frogs
  3 rime drakes
  6 komodo dragons
  Prince Ribbit (D:5)
  4 hippogriffs
  4 blink frogs (Lair:6)
  5 dream sheep (Lair:6)
  46 yaks
  5 basilisks
  2 wyverns
  A fire elemental (Snake:1)
  A hungry ghost (D:9)
  6 swamp worms (Lair:4)
  12 nagas
  15 water moccasins
  9 porcupines
  Duvessa (D:4)
  4 hell hounds
  4 slaves (D:7)
  5 phantoms
  7 sky beasts
  3 ice beasts
  3 orc warriors
  7 wolves
  12 ogres
  4 centaurs
  13 crocodiles
  The ghost of letownia the Insei, an amateur OpTm (D:4)
  A big kobold (D:10)
  13 bullfrogs
  A gnoll sergeant (D:9)
  Dowan (D:4)
  A scorpion (Lair:2)
  4 wights (D:7)
  5 howler monkeys
  An electric eel (Lair:4)
  4 crimson imps
  2 bullfrog zombies
  A quasit (D:8)
  6 hounds
  11 orc priests
  A centaur skeleton (D:8)
  A gnoll shaman (D:5)
  5 jellies
  20 orc wizards
  5 iguanas
  12 worker ants
  A killer bee zombie (D:4)
  A hound skeleton (D:4)
  3 worker ant zombies (D:8)
  21 gnolls
  16 adders
  3 shadow imps
  4 oozes (Lair:6)
  2 adder zombies
  An adder skeleton (D:5)
  7 worms
  2 dart slugs (D:1)
  3 leopard geckos
  48 orcs
  3 ball pythons
  7 bats
  5 giant cockroaches
  17 goblins
  14 hobgoblins
  4 jackals (D:2)
  14 kobolds
  7 quokkas
  4 frilled lizards
  A quokka skeleton (D:4)
  A quokka zombie (D:7)
  7 rats
  A plant (D:4)
587 creatures vanquished.

Vanquished Creatures (others)
  10 fungi
  18 plants
  12 spectral weapons
40 creatures vanquished.

Grand Total: 627 creatures vanquished

Notes
Turn   | Place    | Note
-------+----------+-------------------------------------------
     0 | D:1      | Sadamus the Barachi Skald began the quest for the Orb.
     0 | D:1      | Reached XP level 1. HP: 17/17 MP: 3/3
   101 | D:1      | Reached XP level 2. HP: 23/23 MP: 0/5
   482 | D:1      | Reached XP level 3. HP: 20/28 MP: 1/6
   527 | D:1      | Learned a level 2 spell: Shroud of Golubria
   530 | D:1      | Learned a level 2 spell: Song of Slaying
  1097 | D:2      | Reached skill level 3 in Long Blades
  1815 | D:2      | Reached XP level 4. HP: 34/34 MP: 0/7
  1926 | D:3      | Found a bloodstained altar of Trog.
  1934 | D:3      | Found a white marble altar of Elyvilon.
  2016 | D:3      | Learned a level 3 spell: Spectral Weapon
  2017 | D:3      | Found an opulent altar of Gozag.
  2326 | D:3      | Gained mutation: You passively map a small area around you. [potion of mutation]
  2326 | D:3      | Gained mutation: You are resistant to hostile enchantments. (MR+) [potion of mutation]
  2326 | D:3      | Gained mutation: Your muscles are strong. (Str +2) [potion of mutation]
  2326 | D:3      | Gained mutation: Your mind is acute. (Int +2) [potion of mutation]
  2793 | D:4      | Noticed Duvessa
  2794 | D:4      | Noticed Dowan
  2831 | D:3      | Reached XP level 5. HP: 9/40 MP: 0/9
  3117 | D:4      | Found a glowing silver altar of Zin.
  3118 | D:4      | Noticed an angel
  3118 | D:4      | Found a shimmering altar of Xom.
  3139 | D:4      | Reached skill level 4 in Long Blades
  3506 | D:4      | Noticed an ogre
  3516 | D:4      | Killed an ogre
  3516 | D:4      | Reached skill level 1 in Stealth
  3516 | D:4      | Reached XP level 6. HP: 12/47 MP: 0/10
  3753 | D:4      | Noticed letownia's ghost (amateur OpTm)
  3825 | D:4      | Killed letownia's ghost
  4121 | D:4      | Killed Dowan
  4430 | D:4      | Killed Duvessa
  4430 | D:4      | Reached skill level 5 in Long Blades
  4430 | D:4      | Reached skill level 1 in Translocations
  4430 | D:4      | Reached XP level 7. HP: 41/52 MP: 2/12
  4610 | D:4      | Reached skill level 5 in Charms
  4740 | D:4      | Found an ancient bone altar of Kikubaaqudgha.
  5171 | D:4      | Reached skill level 1 in Hexes
  5171 | D:4      | Reached XP level 8. HP: 37/60 MP: 1/14
  5631 | D:4      | Reached skill level 6 in Long Blades
  6107 | D:5      | Entered Level 5 of the Dungeon
  6194 | D:5      | Reached skill level 5 in Spellcasting
  6350 | D:5      | Learned a level 3 spell: Regeneration
  6664 | D:5      | Noticed Prince Ribbit
  7012 | D:5      | Reached skill level 7 in Long Blades
  7016 | D:5      | Gained mutation: Your system is resistant to poisons. (rPois) [mutagenic meat]
  7018 | D:5      | Gained mutation: You are agile. (Dex +2) [mutagenic meat]
  7019 | D:5      | Lost mutation: Your mind is acute. (Int +2) [mutagenic meat]
  7049 | D:5      | Reached XP level 9. HP: 65/66 MP: 2/17
  7168 | D:5      | Found a staircase to the Ecumenical Temple.
  7176 | Temple   | Entered the Ecumenical Temple
  7237 | Temple   | Became a worshipper of Warmaster Okawaru
  7285 | D:5      | Reached skill level 8 in Long Blades
  7285 | D:5      | Reached XP level 10. HP: 77/77 MP: 17/20
  7776 | D:5      | Killed Prince Ribbit
  8557 | D:6      | Reached skill level 9 in Long Blades
  8623 | D:6      | Gained mutation: You expend magic power (3 MP) to strengthen your wands. [mutagenic meat]
  8624 | D:6      | Gained mutation: Scrolls take you a little longer to read. [mutagenic meat]
  8625 | D:6      | Gained mutation: Your skin changes colour to match your surroundings (Stealth+). [mutagenic meat]
  8683 | D:6      | Found a blossoming altar of Fedhas.
  8686 | D:6      | Found a stormy altar of Qazlal.
  8714 | D:6      | Found a sacrificial altar of Ru.
  8758 | D:6      | Reached * piety under Okawaru
  8762 | D:6      | Gained mutation: Your body sometimes deteriorates upon taking damage. [mutagenic meat]
  8763 | D:6      | Gained mutation: You are very agile. (Dex +4) [mutagenic meat]
  8764 | D:6      | Gained mutation: Your muscles are very strong. (Str +4) [mutagenic meat]
  8831 | D:6      | Found a shadowy altar of Dithmenos.
  9260 | D:6      | Reached skill level 5 in Translocations
  9421 | D:7      | Found a sparkling altar of Nemelex Xobeh.
  9426 | D:7      | Found a flagged portal.
  9433 | D:7      | Noticed Pikel
  9436 | Bailey   | Entered a bailey
 10552 | D:7      | Reached skill level 1 in Evocations
 10753 | D:7      | Killed Pikel
 10753 | D:7      | Reached ** piety under Okawaru
 11085 | D:7      | Reached XP level 11. HP: 82/83 MP: 18/22
 11205 | D:7      | Found a hazy altar of Hepliaklqana.
 11699 | D:7      | Found an ancient bone altar of Kikubaaqudgha.
 11708 | D:7      | Found a radiant altar of Vehumet.
 11716 | D:7      | Found a deep blue altar of Sif Muna.
 11774 | D:7      | Reached *** piety under Okawaru
 11983 | D:8      | Noticed a two-headed ogre
 11996 | D:8      | Killed a two-headed ogre
 12382 | D:8      | Noticed a two-headed ogre
 12401 | D:8      | Killed a two-headed ogre
 12401 | D:8      | Reached **** piety under Okawaru
 12401 | D:8      | Reached skill level 10 in Long Blades
 13054 | D:8      | You fall through a shaft for 2 floors!
 13054 | D:10     | Entered Level 10 of the Dungeon
 13078 | D:10     | Lost mutation: You are very agile. (Dex +4) [mutagenic meat]
 13081 | D:10     | Gained mutation: You have a pair of small horns on your head. [mutagenic meat]
 13241 | D:10     | Noticed a two-headed ogre
 13251 | D:10     | Noticed a two-headed ogre
 13257 | D:10     | Killed a two-headed ogre
 13257 | D:10     | Reached ***** piety under Okawaru
 13264 | D:10     | Killed a two-headed ogre
 13275 | D:10     | Learned a level 2 spell: Swiftness
 13484 | D:10     | Noticed Erica
 13510 | D:10     | Noticed a two-headed ogre
 13520 | D:10     | Killed a two-headed ogre
 13520 | D:10     | Received a gift from Okawaru
 13567 | D:10     | Lost mutation: Your body sometimes deteriorates upon taking damage. [mutagenic meat]
 13568 | D:10     | Gained mutation: You possess an exceptional clarity of mind. [mutagenic meat]
 13585 | D:10     | Noticed Harold
 13607 | D:10     | Killed Harold
 13772 | D:9      | Noticed Maurice
 13929 | D:9      | Reached XP level 12. HP: 92/92 MP: 14/24
 13939 | D:9      | Found a staircase to the Lair.
 14041 | D:9      | Found a shattered altar of Ashenzari.
 14339 | Lair:1   | Entered Level 1 of the Lair of Beasts
 14378 | Lair:1   | Noticed a six-headed hydra
 14945 | Lair:1   | Killed a six-headed hydra
 14945 | Lair:1   | Reached skill level 1 in Maces & Flails
 15206 | Lair:1   | Found an iron altar of Okawaru.
 15310 | Lair:1   | Noticed a death yak
 15339 | Lair:1   | Killed a death yak
 15552 | Lair:1   | Noticed a four-headed hydra
 15561 | Lair:1   | Killed a four-headed hydra
 15561 | Lair:1   | Reached ****** piety under Okawaru
 16068 | Lair:1   | Reached skill level 11 in Long Blades
 16254 | Lair:2   | Received a gift from Okawaru
 16790 | Lair:2   | Found a staircase to the Snake Pit.
 16983 | Lair:2   | Received a gift from Okawaru
 17486 | Lair:2   | Received a gift from Okawaru
 17487 | Lair:2   | Got a faintly glowing double sword {god gift}
 17488 | Lair:2   | Identified the +7 double sword of the Pyrrhic Victory {freeze, rPois MR+ Str+2} (Okawaru gifted it to you on level 2 of the Lair of Beasts)
 17754 | Lair:2   | Reached skill level 10 in Charms
 17812 | Snake:1  | Entered Level 1 of the Snake Pit
 17953 | Lair:3   | Reached skill level 5 in Hexes
 17970 | Lair:3   | Noticed Rupert
 17974 | Lair:3   | Paralysed by Rupert for 6 turns
 18287 | Lair:3   | Killed Rupert
 18287 | Lair:3   | Gained mutation: You can hop longer distances. [Barachi growth]
 18287 | Lair:3   | Reached XP level 13. HP: 97/100 MP: 14/26
 18602 | Lair:3   | Noticed Fannar
 18637 | Lair:3   | Killed Fannar
 18637 | Lair:3   | Received a gift from Okawaru
 18637 | Lair:3   | Reached skill level 12 in Long Blades
 18830 | Lair:3   | Reached skill level 10 in Spellcasting
 19506 | Lair:4   | Found a staircase to the Swamp.
 19572 | Lair:4   | Noticed Sonja
 19668 | Lair:4   | Killed Sonja
 19822 | Lair:4   | Noticed Urug
 19841 | Lair:4   | Killed Urug
 20024 | Lair:4   | Received a gift from Okawaru
 20283 | Lair:4   | Reached skill level 13 in Long Blades
 20883 | Lair:5   | Reached skill level 10 in Fighting
 21713 | Lair:6   | Entered Level 6 of the Lair of Beasts
 21885 | Lair:6   | Found a staircase to the Slime Pits.
 21902 | Lair:6   | Reached XP level 14. HP: 106/110 MP: 19/28
 22201 | Lair:6   | Reached skill level 14 in Long Blades
 22263 | Lair:6   | Received a gift from Okawaru
 22577 | Lair:6   | Reached skill level 10 in Armour
 22594 | Lair:6   | Received a gift from Okawaru
 22993 | Lair:6   | Learned a level 3 spell: Gell's Gravitas
 22997 | Lair:6   | Learned a level 3 spell: Lesser Beckoning
 23001 | Lair:6   | Learned a level 3 spell: Teleport Other
 23009 | Lair:6   | Got a slimy battleaxe
 23010 | Lair:6   | Identified the +5 battleaxe of the Pariah {antimagic, rPois rC+ MR+ MP-9} (You found it on level 6 of the Lair of Beasts)
 23436 | Lair:6   | Noticed Jannitor's ghost (journeyman NaIE)
 23449 | Lair:6   | Killed Jannitor's ghost
 23856 | Lair:6   | Reached skill level 15 in Long Blades
 23938 | Lair:4   | You are sucked into a shaft for 2 floors!
 24097 | Snake:1  | Noticed Azrael
 24145 | Snake:1  | Killed Azrael
 24983 | Snake:1  | Reached skill level 1 in Invocations
 25249 | Snake:1  | Received a gift from Okawaru
 25249 | Snake:1  | Reached XP level 15. HP: 119/119 MP: 30/30
 25250 | Snake:1  | Got a wizard robe {god gift}
 25261 | Snake:1  | Identified the +2 robe "Ixtiurif" {Regen+ Dex+4} (Okawaru gifted it to you on level 1 of the Snake Pit)
 25968 | Snake:2  | Learned a level 2 spell: Blink
 26862 | Snake:2  | Found Athiob's General Store.
 26901 | Snake:2  | Bought a scroll of identify for 24 gold pieces
 26901 | Snake:2  | Bought a scroll of vulnerability for 90 gold pieces
 26901 | Snake:2  | Bought a potion of might for 48 gold pieces
 27534 | Snake:3  | Received a gift from Okawaru
 27814 | Snake:3  | Learned a level 3 spell: Mephitic Cloud
 27819 | Snake:3  | Learned a level 4 spell: Passage of Golubria
 27828 | Snake:3  | Learned a level 2 spell: Slow
 27833 | Snake:3  | Learned a level 4 spell: Leda's Liquefaction
 28126 | Snake:3  | Noticed Vashnia
 28133 | Snake:3  | Shot with a bolt by a naga sharpshooter

Skill      XL: |  1  2  3  4  5  6  7  8  9 10 11 12 13 14 15 |
---------------+----------------------------------------------+-----
Charms         | 4 5 6 7 8 9 10 11 | 11.9
Long Blades    | 3 4 5 7 8 9 10 11 13 15 | 15.7
Armour         | 2 3 6 7 8 9 10 | 10.7
Fighting       | 3 4 6 7 8 10 11 | 11.7
Stealth        | 1 2 3 4 |  4.1
Spellcasting   | 3 4 5 6 7 8 9 10 11 | 11.5
Dodging        | 3 4 6 7 8 |  8.6
Translocations | 1 2 4 5 6 7 |  7.1
Hexes          | 1 4 5 6 |  6.0
Necromancy     | 3 |  3.3
Evocations     | 1 |  1.4
Maces & Flails | 1 |  1.6
Invocations    | 1 |  1.0
Throwing       | |  0.4

Action                   |  1- 3 |  4- 6 |  7- 9 | 10-12 | 13-15 || total
-------------------------+-------+-------+-------+-------+-------++-------
Melee: Falchion          |    93 |   168 |   297 |   323 |       ||   881
       Long sword        |       |       |       |   494 |       ||   494
       Headbutt          |       |       |       |    95 |   164 ||   259
       Double sword      |       |       |       |    24 |   565 ||   589
       Whip              |       |       |       |    23 |     6 ||    29
       Punch             |       |       |       |     1 |       ||     1
Throw: Tomahawk          |       |       |       |     3 |     1 ||     4
       Throwing net      |       |       |       |     1 |       ||     1
 Cast: Infusion          |    22 |    22 |    34 |   117 |    58 ||   253
       Shroud of Golubri |     4 |    12 |    19 |    77 |    48 ||   160
       Spectral Weapon   |       |     3 |     7 |    36 |    23 ||    69
       Regeneration      |       |       |       |     4 |     3 ||     7
       Song of Slaying   |       |       |       |     4 |     8 ||    12
       Swiftness         |       |       |       |     3 |       ||     3
       Blink             |       |       |       |       |     1 ||     1
Invok: Heroism           |       |       |       |     1 |     1 ||     2
       Finesse           |       |       |       |     1 |       ||     1
 Abil: Hop               |       |     1 |       |     2 |       ||     3
       Stop Flying       |       |     1 |       |       |       ||     1
       Evoke Flight      |       |       |       |       |     1 ||     1
Evoke: Wand              |       |       |       |    13 |     5 ||    18
  Use: Potion            |     2 |     5 |     3 |     2 |     1 ||    13
       Scroll            |     5 |     5 |     5 |    12 |    10 ||    37
 Stab: Invisible         |       |     4 |     2 |       |       ||     6
       Sleeping          |       |       |     3 |     4 |     3 ||    10
       Distracted        |       |       |       |     3 |     4 ||     7
       Held in net/web   |       |       |       |     1 |       ||     1
  Eat: Chunk             |     3 |    11 |    19 |    64 |    24 ||   121
       Fruit             |       |       |       |     2 |     7 ||     9
       Bread ration      |       |       |       |       |     1 ||     1
Armor: Leather armour    |    26 |    38 |    42 |       |       ||   106
       Scale mail        |       |       |    27 |   349 |     4 ||   380
       Chain mail        |       |       |       |       |   278 ||   278
       Robe              |       |       |       |       |    41 ||    41
Dodge: Dodged            |    77 |   120 |   161 |   522 |   355 ||  1235
       Rpst.: Falchion   |    22 |    28 |    53 |    81 |       ||   184
       Long sword        |       |       |       |    69 |       ||    69
       Double sword      |       |       |       |     3 |    86 ||    89
